 Dungeon Crawl Stone Soup version 0.22-a0-407-gb098539 (webtiles) character file.

216 Ijustatesigmund the Skirmisher (level 5, 48/48 HPs)
             Began as a Hill Orc Artificer on May 9, 2018.
             Quit the game on level 3 of the Dungeon.
             The game lasted 00:09:07 (3853 turns).

Ijustatesigmund the Skirmisher (Hill Orc Artificer) Turns: 3853, Time: 00:09:08

Health: 48/48      AC:  5    Str: 15    XL:     5   Next: 93%
Magic:  7/7        EV: 11    Int: 11    God:
Gold:   191        SH:  0    Dex: 10    Spells: 4/4 levels left

rFire    . . .     SeeInvis .   a - +3 club
rCold    . . .     Gourm    .   (no shield)
rNeg     . . .     Faith    .   b - +0 ring mail
rPois    .         Spirit   .   (helmet restricted)
rElec    .         Reflect  .   (no cloak)
rCorr    .         Harm     .   (no gloves)
MR       .....     Rnd*Rage +   (no boots)
Stlth    +.........             (no amulet)
HPRegen  0.16/turn              (no ring)
MPRegen  0.10/turn              (no ring)

@: no status effects
A: antennae 1, berserk 1, blurry vision 1, clumsy 1
a: no special abilities


You were on level 3 of the Dungeon.
You were not hungry.

You visited 1 branch of the dungeon, and saw 3 of its levels.

You collected 191 gold pieces.

Inventory:

Hand Weapons
 a - a +3 club (weapon)
Missiles
 h - a throwing net (quivered)
Armour
 b - a +0 ring mail (worn)
 j - a +1 helmet
Wands
 c - a wand of flame (8)
 d - a wand of enslavement (9)
 e - a wand of random effects (6)
Scrolls
 g - a scroll of magic mapping
 l - 3 scrolls of immolation
Potions
 k - 2 potions of agility
 m - a potion of magic
 o - 3 potions of brilliance {unknown}
Comestibles
 f - 2 rations


   Skills:
 + Level 5.2 Fighting
   Level 1.0 Short Blades
 + Level 3.6 Armour
 - Level 1.5 Dodging
 - Level 0.7 Stealth
 - Level 3.0 Evocations


You had 4 spell levels left.
You didn't know any spells.

Dungeon Overview and Level Annotations

Branches:
Dungeon (3/15)

Altars:
Fedhas
Gozag
Wu Jian
Xom

Annotations:
D:2 exclusion: oklob plant


Innate Abilities, Weirdness & Mutations

You have a pair of small antennae on your head.
You tend to lose your temper in combat.
Scrolls take you a little longer to read.
You are clumsy. (Dex -2)


Message History

A goblin comes into view.
The goblin shouts!
You completely miss the goblin. The goblin hits you but does no damage.
You closely miss the goblin. The goblin hits you but does no damage.
You barely miss the goblin. The goblin misses you.
You hit the goblin.
You kill the goblin!
No target in view!
No target in view!
No target in view!
No target in view!
n - a scroll of identify
Okay, then.
As you read the scroll of identify, it crumbles to dust.
i - a potion of mutation You feel extremely strange.
Your vision blurs.
You feel a little pissed off.
You feel clumsy. A pair of antennae grows on your head!
Your +1 helmet falls away!
Are you sure you want to abandon this character and quit the game? (Confirm with "yes".)

################# ####
#.$..............
#...####................
........................
#..............†........
#.......................
#.......................
#......@..####..........
#.........# #..........
#.........# #..........
#...####### #########.#
#... ##########.# ...
........... ##
#........# #........#
#........#


There were no monsters in sight!

Vanquished Creatures
  Jessica (D:3)
  A worker ant (D:3)
  2 gnolls (D:2)
  7 adders
  3 oozes
  A worm (D:2)
  4 dart slugs
  A leopard gecko (D:2)
  4 bats
  5 giant cockroaches
  11 goblins
  7 hobgoblins
  6 frilled lizards
  3 rats
56 creatures vanquished.

Vanquished Creatures (collateral kills)
  A gnoll (D:2)
  An adder (D:3)
  A goblin (D:2)
3 creatures vanquished.

Vanquished Creatures (others)
  A gnoll (D:2)
  2 goblins (D:2)
  9 toadstools (D:2)
12 creatures vanquished.

Grand Total: 71 creatures vanquished

Notes
Turn   | Place    | Note
-------+----------+-------------------------------------------
     0 | D:1      | Ijustatesigmund the Hill Orc Artificer began the quest for the Orb.
     0 | D:1      | Reached XP level 1. HP: 16/16 MP: 3/3
   101 | D:1      | Reached skill level 2 in Fighting
   151 | D:1      | Reached XP level 2. HP: 14/25 MP: 4/4
   571 | D:1      | Reached skill level 3 in Fighting
   691 | D:2      | Reached skill level 1 in Armour
   691 | D:2      | Reached XP level 3. HP: 20/31 MP: 5/5
  1413 | D:2      | Found an ornate altar of the Wu Jian Council.
  1928 | D:2      | Found an opulent altar of Gozag.
  1951 | D:2      | Reached XP level 4. HP: 40/40 MP: 6/6
  1971 | D:2      | Reached skill level 4 in Fighting
  2478 | D:2      | Found a blossoming altar of Fedhas.
  2496 | D:2      | Noticed an oklob plant
  2996 | D:3      | Found a shimmering altar of Xom.
  3001 | D:3      | Reached XP level 5. HP: 47/47 MP: 7/7
  3573 | D:3      | Noticed Jessica
  3584 | D:3      | Reached skill level 5 in Fighting
  3588 | D:3      | Killed Jessica
  3852 | D:3      | Gained mutation: Scrolls take you a little longer to read. [potion of mutation]
  3852 | D:3      | Gained mutation: You tend to lose your temper in combat. [potion of mutation]
  3852 | D:3      | Gained mutation: You are clumsy. (Dex -2) [potion of mutation]
  3852 | D:3      | Gained mutation: You have a pair of small antennae on your head. [potion of mutation]
  3853 | D:3      | Quit the game

Vault maps used:
D:1:      dpeg_arrival_rhombus
D:2:      kennysheep_the_goblin_king, lemuel_doored_altar,
          nicolae_gozag_cash_rules_everything_around_me, tgw_fedhas,
          uniq_crazy_yiuf_cottage
D:3:      xom_teletrap_fun, first_ration, uniq_jessica

Skill      XL: |  1  2  3  4  5 |
---------------+----------------+-----
Fighting       | 2 3 4 5 |  5.2
Armour         | 1 2 3 |  3.6
Short Blades   | |  1.0
Dodging        | |  1.5
Stealth        | |  0.7
Evocations     | |  3.0

Action                   |  1- 3 |  4- 6 || total
-------------------------+-------+-------++-------
Melee: Short sword       |   103 |   147 ||   250
       Club              |       |    11 ||    11
Evoke: Wand              |    12 |    10 ||    22
  Use: Scroll            |     3 |     8 ||    11
       Potion            |     4 |     3 ||     7
  Eat: Chunk             |     1 |     5 ||     6
       Ration            |     1 |       ||     1
Armor: Leather armour    |    11 |       ||    11
       Ring mail         |    42 |    64 ||   106
Dodge: Dodged            |    60 |   111 ||   171

Table legend:
 A = Spawn XP
 B = Non-spawn XP
 C = Spawn XP percentage of total XP
 D = Spawn monster count
 E = Non-spawn monster count
 F = Spawn count percentage of total count
 G = Total turns spent on level
                    A         B        C        D         E        F      G
               +---------+---------+-------+---------+---------+-------+---------
         Total |       0 |     309 |   0.0 |       0 |      59 |   0.0 |  3853
               +---------+---------+-------+---------+---------+-------+---------
           D:1 |       0 |      22 |   0.0 |       0 |      12 |   0.0 |  1003
           D:2 |       0 |     142 |   0.0 |       0 |      29 |   0.0 |  1993
           D:3 |       0 |     145 |   0.0 |       0 |      18 |   0.0 |   857
               +---------+---------+-------+---------+---------+-------+---------
